[Event "***Titled Tuesday 3|2 Blitz"]
[Site "Chess.com"]
[Date "2017.02.07"]
[Round "5"]
[White "BilodeauA"]
[Black "Keranke"]
[Result "1-0"]
[WhiteElo "2592"]
[BlackElo "2652"]
[TimeControl "180+2"]
[EndTime "14:13:07 PST"]
[Termination "BilodeauA won by resignation"]

1. e4 g6 2. d4 Bg7 3. Nc3 d6 4.
f4 a6 5. Nf3 b5 6. Bd3 Nd7 7. O-O c5 8. a4 b4 9. Ne2 Bb7 10. c3 Ngf6 11. Ng3 O-O 12. f5 Rc8 13. Bg5 Qa5 14. d5 bxc3 15. bxc3 c4 16. Bc2 Qxc3 17.
Bd2 Qxa1 18. Qxa1 Nxe4 19. Qb1 Nxd2 20. Nxd2 Bxd5 21. fxg6 hxg6 22. Nf3 Rb8 23. Qd1 e6 24. h4 Ne5 25. Nxe5 Bxe5 26. Qg4 Rb2 27. Be4 Bxe4 28. Nxe4 c3 29. h5 Kg7 30. hxg6 f5 31. Qh4 Kxg6 32.
Qg5+ Kf7 33. Qh5+ Ke7 34. Qg5+ Kd7 35. Qe3 Rc8 36. Nf2 c2 37. Nd3 Rb1 38. Nxe5+ dxe5 39. Qd3+ Ke7 40. Rxb1 cxb1=Q+ 41. Qxb1 Kf6 42. a5 e4 43. Qb7 Rc2 44. Qxa6 e3 45. Qd3 Ra2 46. Qxe3 e5 47. Qb6+ Kg5 48. a6 Kg4 49. Kh2 f4 50. Qb7 e4 51.
Qxe4 Rxa6 52. Qe2+ 1-0

[Event "***Titled Tuesday 3|2 Blitz"]
[Site "Chess.com"]
[Date "2017.02.07"]
[Round "5"]
[White "aa175"]
[Black "Daniela_Movileanu"]
[Result "0-1"]
[WhiteElo "1909"]
[BlackElo "2075"]
[TimeControl "180+2"]
[EndTime "14:13:09 PST"]
[Termination "Daniela_Movileanu won by checkmate"]

1. e4 c5 2. Nf3 d6 3. d4 Nf6 4.
dxc5 Nxe4 5. c3 Nxc5 6. Bc4 e6 7. O-O Nc6 8. Nbd2 Be7 9. Nd4 O-O 10. b4 Nd7 11. Bxe6 fxe6 12. Nxe6 Qb6 13. Nxf8 Nxf8 14. Nc4 Qc7 15. Bf4 Ne5 16. Nxe5 dxe5 17. Qd5+ Be6 18. Qxe5 Qxe5 19. Bxe5 Rc8 20. Bd4 Rc4 21. Rfe1 Bxb4 22. Rac1 Ba3 23. Rc2 b5 24. Bxa7 Ra4 25. Bd4 Bd6 26.
g3 Bxa2 27. Ra1 Bb3 28. Rxa4 Bxa4 29. Rb2 Ne6 30. Bb6 Bc5 31. Bxc5 Nxc5 32. Kg2 Kf7 33. Kf3 Ke6 34. Ke3 Kd5 35. f3 Kc4 36. Kd2 Nb3+ 37. Kc2 Nd4+ 38. Kd2 Nxf3+ 39. Ke3 Ne5 40. Kd2 Nf3+ 41.
Ke3 Kxc3 42. Rf2 Ne5 43. Rf5 Nc4+ 44. Ke2 b4 45. Rf3+ Kc2 46. Rf4 Bb5 47. Ke1 b3 48. Rf2+ Kc1 49. Rf5 Ba6 50. Rf2 b2 51. Rxb2 Kxb2 52.
Kf2 Kc3 53. Kf3 Kd4 54. Kf4 Nd6 55. h4 h5 56. g4 hxg4 57. Kxg4 Ke5 58. Kg5 Be2 59. Kg6 Nf5 60. Kf7 Bh5+ 61. Kg8 Kf6 62. Kh7 Nxh4 63. Kg8 Bf7+ 64. Kf8 Ng6# 0-1

[Event "***Titled Tuesday 3|2 Blitz"]
[Site "Chess.com"]
[Date "2017.02.07"]
[Round "5"]
[White "MumLookatMeNow"]
[Black "PelinGorki"]
[Result "0-1"]
[WhiteElo "2257"]
[BlackElo "2378"]
[TimeControl "180+2"]
[EndTime "14:13:10 PST"]
[Termination "PelinGorki won by resignation"]

1. e4 d6 2. d4 Nf6 3. Nc3 c6 4.
Nf3 Bg4 5. h3 Bh5 6. Bc4 e6 7.
Bg5 Be7 8. O-O d5 9. Bd3 Nxe4 10.
Nxe4 Bxf3 11. Bxe7 Bxd1 12. Bxd8 dxe4 13. Bxe4 Bxc2 14. Bxc2 Kxd8 15. f4 Nd7 16. f5 exf5 17.
Rxf5 f6 18. d5 Kc7 19. dxc6 bxc6 20. Ba4 Ne5 21. Rc1 Rad8 22. b4 Rd4 23. a3 Rhd8 24. Kh2 Rd3 25. Bxc6 Rxa3 26. b5 Kb6 27. Rc2 a5 28.
Rf1 a4 29. Rfc1 Rb3 30. Ra2 Rd4 31. Be8 a3 32. Rc8 Ra4 33. Rd2 Rd3 34. Rdc2 Ra7 35. Rb8+ Rb7 36. Ra8 Ra7 37. Rb8+ Ka5 38. b6 Re7 39. b7 Kb6 40. Rc1 Rb3 41. Ba4 Rb4 42. Rd8 Kxb7 43. Bd1 Rc7 44. Ra1 Rc3 45. Be2 Rb2 46.
Bf1 a2 47. Rd4 Ra3 48. Rd5 Rb1 49. Rb5+ Rxb5 50. Bxb5 Kb6 51. Be2 Kc5 52. Bd1 Kd4 53. Kg1 Kc3 54. Rc1+ Kb2 55. Rc8 a1=Q 0-1

[Event "***Titled Tuesday 3|2 Blitz"]
[Site "Chess.com"]
[Date "2017.02.07"]
[Round "5"]
[White "GrigorGrigorov"]
[Black "Rumpel-VK"]
[Result "1-0"]
[WhiteElo "2488"]
[BlackElo "2431"]
[TimeControl "180+2"]
[EndTime "14:13:14 PST"]
[Termination "GrigorGrigorov won on time"]

1. d4 d5 2. Nf3 Nf6 3. c4 dxc4 4.
e3 Bg4 5. Bxc4 e6 6. Nbd2 a6 7.
b3 c5 8. Bb2 Nc6 9. Be2 Be7 10.
O-O O-O 11. Rc1 cxd4 12. Nxd4 Bxe2 13. Qxe2 Nxd4 14. Bxd4 Rc8 15. Nc4 Nd5 16. Rfd1 Bf6 17. Qb2 Bxd4 18. Qxd4 Qg5 19. Nd6 Rxc1 20. Rxc1 Qe7 21.
Nf5 exf5 22. Qxd5 g6 23. Rd1 Rc8 24. g3 h5 25. Rd2 Qb4 26. Kg2 Re8 27. Rd4 Qe7 28. h4 Kg7 29. a4 Rc8 30. Rd2 Rc3 31. Qd4+ Qf6 32. Qxf6+ Kxf6 33. Rd6+ Ke5 34. Rb6 Rc7 35.
Kf3 Kd5 36. Kf4 Kc5 37. a5 Kd5 38. b4 Kc4 39. Ke5 Rd7 40. Kf4 Kd3 41. b5 axb5 42. Rxb5 Ke2 43. Rb2+ Kd3 44. Ke5 Kc4 45. Rb6 Kc3 46. f3 Kd3 47. Rd6+ Rxd6 48. Kxd6 Kxe3 49. f4 Kd4 50. Kc7 1-0

[Event "***Titled Tuesday 3|2 Blitz"]
[Site "Chess.com"]
[Date "2017.02.07"]
[Round "5"]
[White "HouseOfDurin"]
[Black "Wolverine_master"]
[Result "1/2-1/2"]
[WhiteElo "1901"]
[BlackElo "1980"]
[TimeControl "180+2"]
[EndTime "14:13:21 PST"]
[Termination "Game drawn - insufficient material"]

1. d4 Nf6 2. Bg5 c5 3. Bxf6 exf6 4. c3 g6 5. g3 Bg7 6. Bg2 O-O 7.
dxc5 a5 8. e3 Na6 9. Qd5 Qc7 10.
Na3 Qxc5 11. Nb5 f5 12. Ne2 Qxd5 13. Bxd5 Nc5 14. O-O-O a4 15. Rd2 Ra5 16. Nd6 b5 17.
Nd4 Bxd4 18. Rxd4 Ne6 19. Rb4 Nc7 20. Rd1 Na6 21. Rxb5 Rxb5 22. Nxb5 Nc5 23. Nd6 Ba6 24. c4 Kg7 25. Kc2 f6 26. b4 axb3+ 27. axb3 Rb8 28. Rb1 Rb6 29. b4 Ne6 30. Ne8+ Kf8 31. Bxe6 Rxe6 32. Nc7 Rc6 33. Nxa6 Rxa6 34. b5 Rb6 35. c5 Rb8 36. b6 Ke7 37. Kc3 Kd8 38. Kc4 Kc8 39. Kb5 Ra8 40. c6 dxc6+ 41. Kxc6 Ra2 42. Rd1 Rc2+ 43. Kd6 Rxf2 44. Ke6 Rxh2 45. Kxf6 Kb7 46. Rd6 Rg2 47. Kg7 Rxg3 48. Kxh7 g5 49.
Kg6 g4 50. Kxf5 Rxe3 51. Kxg4 Rb3 52. Kf5 Rxb6 53. Rxb6+ Kxb6 1/2-1/2

[Event "***Titled Tuesday 3|2 Blitz"]
[Site "Chess.com"]
[Date "2017.02.07"]
[Round "5"]
[White "Alexander_Moskalenko"]
[Black "dretch"]
[Result "1/2-1/2"]
[WhiteElo "2689"]
[BlackElo "2556"]
[TimeControl "180+2"]
[EndTime "14:13:38 PST"]
[Termination "Game drawn by repetition"]

1. Nf3 d5 2. c4 dxc4 3. e3 Be6 4.
Na3 Nf6 5. Nxc4 Bd5 6. Be2 e6 7. O-O Be7 8. d3 O-O 9. b3 b5 10. Ncd2 c5 11. Bb2 Nbd7 12. Qc2 Qb8 13. a4 a6 14.
Rfc1 Rc8 15. h3 h6 16. axb5 axb5 17. Rxa8 Qxa8 18. Ra1 Qb7 19. Bc3 Bc6 20. Qa2 Nd5 21.
Bb2 Nc7 22. Qa7 Ra8 23. Qxb7 Rxa1+ 24. Bxa1 Bxb7 25. Ne5 Nxe5 26. Bxe5 Nd5 27. Bb2 Bc6 28. d4 Bf6 29. Ne4 cxd4 30. Nxf6+ Nxf6 31. Bxd4 Nd7 32. f3 e5 33. Bc3 f6 34. e4 Kf7 35. Bb4 Ke6 36. g4 Nb8 37. Bf8 Kf7 38. Bd6 Na6 39.
Kf2 Ke6 40. Bf8 Kf7 41. Ba3 Nc7 42. Ke3 Ne6 43. h4 Nd4 44. Bd1 g5 45. hxg5 hxg5 46. Bc5 Ne6 47. Bb6 Ke7 48. b4 Kd6 49. Bb3 Bd7 50. Bd5 Bc6 51. Bb3 Be8 52. Ba7 Bc6 53. Bb8+ Kd7 54. Ba7 Nc7 55. Bc5 Na6 56. Bf8 Ke8 57.
Bd6 Kd7 58. Bf8 Ke8 59. Bd6 Kd7 60. Bf8 Ke8 61. Bd6 Kd7 62. Bf8 1/2-1/2

[Event "***Titled Tuesday 3|2 Blitz"]
[Site "Chess.com"]
[Date "2017.02.07"]
[Round "5"]
[White "Rating-Schmating"]
[Black "nihalsarin"]
[Result "0-1"]
[WhiteElo "2274"]
[BlackElo "2485"]
[TimeControl "180+2"]
[EndTime "14:13:42 PST"]
[Termination "nihalsarin won by checkmate"]

1. e4 e6 2. d4 d5 3. Nd2 Nf6 4. Bd3 c5 5. exd5 Qxd5 6. Ngf3 cxd4 7. Bc4 Qd6 8. O-O Nc6 9. Nb3 Bd7 10. Nbxd4 Nxd4 11.
Qxd4 Qxd4 12. Nxd4 Rc8 13. Bb3 Bc5 14. Be3 Ng4 15. c3 Nxe3 16. fxe3 Ke7 17. Rad1 f6 18. Rd2 e5 19. Nc2 Rhd8 20. Rfd1 b5 21. Kf2 a5 22.
Bd5 Bf5 23. Ke2 Rxd5 24. Rxd5 Bxc2 25. Rd7+ Kf8 26. Rd8+ Rxd8 27. Rxd8+ Ke7 28. Rd5 Bd6 29. Rxb5 a4 30. Rb7+ Kf8 31. g3 Be4 32. Ra7 Bc6 33. c4 Be8 34. b3 axb3 35. axb3 h5 36. Ra6 Ke7 37. Kd3 g5 38. e4 Bd7 39. Ra7 Bc5 40. Ra6 Bg1 41. Ra2 Bc5 42. Kc3 f5 43. exf5 Bd4+ 44. Kd2 Bxf5 45. b4 e4 46. c5 e3+ 47.
Ke2 Ke6 48. Ra8 Kd5 49. Rd8+ Ke4 50. Re8+ Be5 51. c6 Bg4+ 52. Ke1 Kd5 53. c7 Bxc7 54. Rxe3 Bd6 55. Rd3+ Ke5 56. b5 Bb4+ 57. Kf1 Bc5 58. Rc3 Kd4 59. Rb3 Kc4 60. Rb1 Bf5 61. Rb2 Bd4 62.
Rd2 Bd3+ 63. Kg2 Bc3 64. b6 Bxd2 65. Kf3 Kd4 66. g4 h4 67. Kg2 Be4+ 68. Kh3 Bf4 69. b7 Bg6 70. Kg2 Ke3 71. Kh3 Bb8 72. Kg2 Kf4 73.
Kh3 Bh7 74. Kg2 Kxg4 75. Kh1 Kh3 76. Kg1 Bxh2+ 77. Kh1 Bb8 78. Kg1 Kg3 79. Kh1 h3 80. Kg1 Bd3 81. Kh1 g4 82. Kg1 h2+ 83. Kh1 Be4# 0-1

[Event "***Titled Tuesday 3|2 Blitz"]
[Site "Chess.com"]
[Date "2017.02.07"]
[Round "5"]
[White "Divertissement"]
[Black "alekroth64"]
[Result "1-0"]
[WhiteElo "2438"]
[BlackElo "2218"]
[TimeControl "180+2"]
[EndTime "14:13:55 PST"]
[Termination "Divertissement won on time"]

1. d4 Nf6 2. Nf3 e6 3. c4 b6 4. a3 Ba6 5. Qc2 c5 6. d5 exd5 7. cxd5 Bb7 8. Nc3 Nxd5 9. e4 Nxc3 10. bxc3 Be7 11. Bc4 O-O 12. O-O Nc6 13. Bf4 d6 14.
Rad1 Qc7 15. Rfe1 Rad8 16. Re3 Ne5 17. Bd5 Bxd5 18. Rxd5 Bf6 19. Bxe5 dxe5 20. Red3 Rxd5 21. Rxd5 Rd8 22. c4 Rxd5 23. exd5 Be7 24. Qf5 Bd6 25. Ng5 g6 26. Qh3 h5 27. g4 Be7 28.
Ne4 Qd7 29. f3 f5 30. gxh5 Qe8 31. d6 Bd8 32. hxg6 Qxg6+ 33. Ng3 f4 34. Qc8 Qg5 35. Qe6+ Kg7 36. Qd7+ Kf8 37. Qf5+ Qxf5 38. Nxf5 Kf7 39. Nh6+ Ke6 40. Kf2 Bg5 41. d7 Kxd7 42. Ng4 Ke6 43.
Ke2 b5 44. cxb5 c4 45. Nf2 Kd5 46. Ne4 Be7 47. a4 Kd4 48. a5 Kd5 49. a6 Bd8 50.
h4 1-0

[Event "***Titled Tuesday 3|2 Blitz"]
[Site "Chess.com"]
[Date "2017.02.07"]
[Round "5"]
[White "Robin-Side"]
[Black "olgerts_indricans"]
[Result "1-0"]
[WhiteElo "2366"]
[BlackElo "2304"]
[TimeControl "180+2"]
[EndTime "14:13:57 PST"]
[Termination "Robin-Side won by resignation"]

1. d4 Nf6 2. Nc3 d5 3. e4 dxe4 4. f3 e3 5. Bxe3 e6 6. Bd3 Nbd7 7. Nge2 c5 8. Qd2 Be7 9. O-O-O cxd4 10. Bxd4 O-O 11.
Ne4 Qc7 12. N2c3 a6 13. Nxf6+ Nxf6 14. Ne4 Nd5 15. Kb1 b5 16. h4 Bb7 17. c3 Rfd8 18. Ng5 h6 19. Bh7+ Kf8 20. Nxf7 Kxf7 21. Qc2 Ke8 22.
Bxg7 Kd7 23. Qg6 Qc6 24. Rhe1 Rac8 25. Qxh6 Bf8 26. Bxf8 Rxf8 27. Qg7+ Kd6 28. Qe5+ Kd7 29. Qg7+ Kd6 30. Be4 Qd7 31. Qg3+ Kc6 32. h5 Kb6 33. h6 Rce8 34. Qf2+ Kc7 35. h7 Rh8 36. Rh1 Qe7 37. Qg3+ Kc8 38. Qe5 Qf6 39. Qd6 Rd8 40. Qc5+ Nc7 41.
Rxd8+ Qxd8 42. Qe5 Bxe4+ 43. Qxe4 Qd5 44. Qg6 Qf5+ 45.
Qxf5 exf5 46. g4 fxg4 47. fxg4 Ne6 48. Rh6 Kd7 49. Kc2 Ke7 50. Kb3 a5 51. a4 Nc5+ 52.
Ka3 bxa4 53. Rc6 Ne6 54. Ra6 Kf6 55. Ra7 Kg5 56. Kxa4 Kxg4 57. Kxa5 Kf5 58. c4 Ke5 59. b4 Nf8 60. Ra8 Kd6 61. Ka6 Kc7 62. b5 Kd6 63. b6 Kc6 64. Rc8+ Kd7 65. b7 Ne6 66. Rxh8 1-0

[Event "***Titled Tuesday 3|2 Blitz"]
[Site "Chess.com"]
[Date "2017.02.07"]
[Round "5"]
[White "Sanan_Sjugirov"]
[Black "Maitreia"]
[Result "1/2-1/2"]
[WhiteElo "2649"]
[BlackElo "2493"]
[TimeControl "180+2"]
[EndTime "14:13:58 PST"]
[Termination "Game drawn by agreement"]

1. d4 Nf6 2. Nf3 g6 3. Bg5 Bg7 4.
Nbd2 O-O 5. e3 b6 6. Bc4 Bb7 7. a4 c5 8. c3 d6 9. O-O Nbd7 10.
a5 Bc6 11. Qe2 bxa5 12. Bb3 cxd4 13. exd4 Rb8 14. Rfb1 Bd5 15. Bxd5 Nxd5 16. Qa6 h6 17.
Bh4 g5 18. Bg3 f5 19. Qxa5 N7f6 20. c4 f4 21. cxd5 fxg3 22. hxg3 Qxa5 23. Rxa5 Rb7 24. Nc4 Rc8 25. Ne3 Rcb8 26. Rba1 Rxb2 27. Rxa7 Bf8 28. Nh2 Rb1+ 29. Rxb1 Rxb1+ 30. Nhf1 Ne4 31. Ra2 Nc3 32.
Rc2 Nb5 33. Rd2 Bg7 34. Nf5 Kf7 35. g4 Rb4 36. Nxg7 Kxg7 37. Ng3 Kf6 38. Re2 Nxd4 39. Re4 Nc2 40. Re6+ Kf7 41. Nf5 Nd4 42. Rxe7+ Kf6 43. Rd7 Nxf5 44. gxf5 Kxf5 45. Rxd6 h5 46. Rd8 Rd4 47. g3 Ke5 48. Rg8 Kf5 49. Rd8 Ke5 50. Rh8 h4 51. gxh4 Rxh4 52. Rd8 Rg4+ 53. Kh2 Rd4 54.
Rg8 Kxd5 55. Rxg5+ Ke6 56. Kg3 Kf6 57. Ra5 Rb4 58. f4 Rb1 59. Ra6+ Kf5 60. Ra5+ Kf6 61. Kg4 1/2-1/2

[Event "***Titled Tuesday 3|2 Blitz"]
[Site "Chess.com"]
[Date "2017.02.07"]
[Round "5"]
[White "Sebastian"]
[Black "TomsKantans"]
[Result "0-1"]
[WhiteElo "2670"]
[BlackElo "2529"]
[TimeControl "180+2"]
[EndTime "14:14:00 PST"]
[Termination "TomsKantans won by resignation"]

1. e4 c5 2. Nf3 Nf6 3. Nc3 Nc6 4.
d4 d5 5. exd5 Nxd5 6. Bb5 Nxc3 7. bxc3 e6 8. O-O Be7 9. Ne5 Bd7 10. Bxc6 Bxc6 11. Qg4 O-O 12. Bh6 Bf6 13. Rad1 Qd5 14. c4 Qe4 15. Qg3 cxd4 16. Ng4 Qg6 17. Nxf6+ Qxf6 18. Bg5 Qg6 19. Rxd4 Qxc2 20. Be7 Rfe8 21. Qh4 h6 22.
Rg4 Kh7 23. h3 Qf5 24. Bd6 Rad8 25. c5 Rd7 26. Rf4 Qg6 27. Rg4 Qf5 28. Qg3 f6 29. a3 e5 30. Rc1 h5 31. Rh4 g6 32.
Kh2 b5 33. Rb4 a5 34. Rb3 Qe6 35. Re3 Qd5 36. Rd3 Qe4 37. Re3 Qf5 38. Rce1 g5 39. f3 Qf4 40. Rd3 h4 41. Qxf4 gxf4 42. Rb3 Kg6 43.
Reb1 Kf5 44. Kg1 Rg8 45. Kf2 Ke6 46. a4 b4 47. Rd3 Ra8 48. Ra1 Rb7 49. Rd2 b3 50.
Rb2 Rb4 51. Bc7 Ra7 52. Bb6 Ra8 53. Rd1 Bxa4 54. Rd6+ Ke7 55. Bc7 Rc4 56. Rb6 Rc2+ 57. Rxc2 bxc2 58. Bd6+ Kf7 59. Rb7+ Kg6 0-1

[Event "***Titled Tuesday 3|2 Blitz"]
[Site "Chess.com"]
[Date "2017.02.07"]
[Round "5"]
[White "sergiochess83"]
[Black "tigra"]
[Result "0-1"]
[WhiteElo "2706"]
[BlackElo "2585"]
[TimeControl "180+2"]
[EndTime "14:14:05 PST"]
[Termination "tigra won by resignation"]

1. e4 e6 2. d4 d5 3. Nd2 c5 4.
exd5 exd5 5. Bb5+ Bd7 6. Bxd7+ Nxd7 7. Ngf3 Ngf6 8. O-O Be7 9. dxc5 Nxc5 10. Re1 O-O 11. Nf1 Re8 12. Be3 Nfe4 13. Ng3 Bf6 14. c3 Nxg3 15.
hxg3 Ne4 16. Bd4 Qc7 17. Qd3 a6 18. Re3 h6 19. Bxf6 Nxf6 20. Rae1 Re4 21. Nd2 Rxe3 22. Rxe3 Rd8 23. Qd4 Qa5 24. a4 Qc7 25. Re5 Rd6 26. Nf3 Rb6 27. Re2 Rc6 28. Ne5 Re6 29. Re3 Qa5 30. Ng4 Ne4 31. Rf3 Ng5 32. Re3 h5 33.
Ne5 Ne4 34. Nd3 Ng5 35. Nf4 Rxe3 36. Qxe3 Qxa4 37. f3 Qb5 38. Nxh5 Ne6 39. Qe5 Qxb2 40.
Qxd5 Qxc3 41. Qxb7 Qc5+ 42. Kf1 Qxh5 43. Qxa6 Qe5 44.
f4 Qc7 45. Qd3 Qc8 46. Kg1 Nf8 47. Kh2 Nh7 48. Qd4 Nf6 49. Kg1 Qe8 50. Kf2 Qe4 51. Qxe4 Nxe4+ 52. Kf3 Nd6 53. g4 Kf8 54. g5 Ke7 55. g4 Ke6 56. Ke3 Kd5 57. Kd3 g6 58. Ke3 Kc4 59. f5 Kd5 60. Kf4 Kd4 61. fxg6 fxg6 0-1

[Event "***Titled Tuesday 3|2 Blitz"]
[Site "Chess.com"]
[Date "2017.02.07"]
[Round "5"]
[White "mrkvoz"]
[Black "wnstop"]
[Result "1-0"]
[WhiteElo "2617"]
[BlackElo "2412"]
[TimeControl "180+2"]
[EndTime "14:14:11 PST"]
[Termination "mrkvoz won by resignation"]

1. e4 c5 2. Nc3 Nc6 3. Bb5 Nd4 4.
Nf3 a6 5. Bc4 b5 6. Bd5 Rb8 7.
Nxd4 cxd4 8. Ne2 e6 9. Bb3 Bc5 10. d3 Ne7 11. O-O O-O 12. Nf4 f5 13. Qh5 Qe8 14.
Qxe8 Rxe8 15. exf5 Nxf5 16. Re1 Bb4 17. Re2 Kf8 18. a4 Bb7 19. axb5 axb5 20. Bd2 Bc5 21. Rae1 Bc6 22. f3 Ne3 23. h4 e5 24. Bxe3 dxe3 25.
Nd5 Bxd5 26. Bxd5 b4 27. c3 bxc3 28. bxc3 g6 29. Ra1 Kg7 30. Rf1 Rf8 31. Ra1 Rf4 32.
g3 Rf6 33. Ra4 Rfb6 34. d4 Rb1+ 35. Kg2 R8b2 36. Bc4 exd4 37. cxd4 Bxd4 38. f4 Rb4 39. Rxb4 Rxb4 40. Bd5 Rb5 41. Bc4 Rc5 42. Ba6 d5 43. Kf3 Ra5 44. Bb7 Ba7 45. Rc2 d4 46. Be4 Bb6 47.
Rb2 Bc7 48. Rc2 Bd6 49. Rc6 Be7 50. Rc7 Kf8 51. Rc8+ Kf7 52. Bd3 Rc5 53. Ra8 Rc3 54. Ke2 h6 55. Ra7 g5 56. fxg5 hxg5 57. h5 Kf6 58. h6 Bf8 59. Ra6+ Kf7 60. Bg6+ Kg8 61. Ra8 Rb3 62. h7+ Kg7 63. Rxf8 Rb2+ 64. Kd3 Rd2+ 65. Kc4 Rh2 66. Rg8+ Kf6 67. h8=Q+ Rxh8 68. Rxh8 e2 69. Re8 Kxg6 70. Kxd4 Kf5 71. Rxe2 Kg4 72. Re5 1-0

[Event "***Titled Tuesday 3|2 Blitz"]
[Site "Chess.com"]
[Date "2017.02.07"]
[Round "5"]
[White "3f32"]
[Black "1stSecond"]
[Result "1-0"]
[WhiteElo "2361"]
[BlackElo "2569"]
[TimeControl "180+2"]
[EndTime "14:14:13 PST"]
[Termination "3f32 won by resignation"]

1. d4 Nf6 2. c4 e6 3. Nc3 Bb4 4.
f3 O-O 5. a3 Bxc3+ 6. bxc3 c5 7. e4 Nc6 8. Be3 Qa5 9. Qd2 d5 10. cxd5 exd5 11. e5 Nd7 12. f4 Rd8 13. Nf3 Nb6 14.
Kf2 Bf5 15. dxc5 Na4 16. Nd4 Nxc5 17. Qb2 Rac8 18. Nxf5 Ne4+ 19. Kg1 g6 20. Nd4 Nxc3 21. Nb3 Qa4 22. Nc5 Qa5 23. Nxb7 Na4 24. Qb3 Qc7 25. Nd6 d4 26. Bf2 Nc3 27. Nxc8 Qxc8 28. h3 Qf5 29. g3 h5 30. h4 Qg4 31. Kh2 Qf3 32. Be1 Rb8 33.
Qc2 Ne7 34. Bg2 Qe3 35. Qd2 Nf5 36. Qxe3 Nxe3 37. Bxc3 Ng4+ 38. Kh3 Nf2+ 39. Kh2 Ng4+ 40. Kg1 dxc3 41. Rc1 Rb3 42. Bf3 Ne3 43. Kf2 Nf5 44.
Be4 Nh6 45. Bf3 Nf5 46. Rhd1 Rb2+ 47. Kg1 c2 48. Rd2 Ne3 49. Be4 Rb3 50. Bxc2 Rc3 51. Rd3 Rxc2 52. Rxc2 Nxc2 53. Rd8+ Kg7 54. Rd3 a5 55.
Kf2 a4 56. Ke2 Na1 57. Rd4 Nb3 58. Rxa4 Kf8 59. Ra7 Nd4+ 60. Kf2 Ke8 61. a4 Nc6 62. Rb7 Na5 63. Rc7 Nb3 64. Ke3 Na5 65. Kd4 Nb3+ 66. Kc4 Nd2+ 67. Kb5 Ne4 68. a5 1-0

[Event "***Titled Tuesday 3|2 Blitz"]
[Site "Chess.com"]
[Date "2017.02.07"]
[Round "5"]
[White "jncool68"]
[Black "Kacparov"]
[Result "1/2-1/2"]
[WhiteElo "2528"]
[BlackElo "2583"]
[TimeControl "180+2"]
[EndTime "14:14:16 PST"]
[Termination "Game drawn - insufficient material"]

1. e4 c5 2. Nf3 e6 3. d4 cxd4 4. Nxd4 Nc6 5. Nc3 Qc7 6. Be3 a6 7. a3 Nf6 8. f4 d6 9. Qf3 Be7 10.
O-O-O Bd7 11. Be2 Rb8 12. g4 e5 13. Nf5 exf4 14. Bxf4 Bxf5 15. exf5 Ne5 16. Bxe5 dxe5 17. g5 Nd7 18. Nd5 Bxg5+ 19. Kb1 Qc6 20. Rhg1 Bh6 21. Bd3 Nf6 22. Be4 Nxd5 23. Rxd5 Qf6 24. Qd3 O-O 25. Rd6 Qh4 26. f6 g6 27. Bxg6 hxg6 28.
Rxg6+ Kh8 29. Rg3 e4 30. Qb3 Qf4 31. Rh3 Rg8 32. Ka2 Rbf8 33. Rd5 Rg6 34. Qb4 Kg8 35. Rdh5 Qxf6 36. Qxe4 b5 37. c3 Bg7 38. Kb1 Qf1+ 39.
Ka2 Qf6 40. Kb1 Qe6 41. Qh4 Rg1+ 42. Kc2 Rg2+ 43. Kb1 Rg1+ 44. Kc2 Qe2+ 45. Kb3 Qc4+ 46. Qxc4 bxc4+ 47. Kxc4 Rb8 48. b4 Rg4+ 49. Kb3 Rg6 50. a4 Rf8 51. b5 axb5 52. axb5 f5 53. c4 f4 54. Rf3 Bd4 55. c5 Kg7 56. Kc4 Be3 57.
Rd5 Rg1 58. b6 Rc1+ 59. Kb5 Rc8 60. b7 R8xc5+ 61. Rxc5 Rxc5+ 62. Ka6 Rc6+ 63. Ka5 Rc1 64. Kb5 Kg6 65. Rh3 Rb1+ 66. Kc6 Kg5 67. Rh8 f3 68.
b8=Q Rxb8 69. Rxb8 f2 70. Rb1 Kf4 71. Kd5 Kf3 72.
h4 Ke2 73. h5 f1=Q 74. Rxf1 Kxf1 75. h6 Bxh6 1/2-1/2

[Event "***Titled Tuesday 3|2 Blitz"]
[Site "Chess.com"]
[Date "2017.02.07"]
[Round "5"]
[White "BillieKimbah"]
[Black "Noukii"]
[Result "0-1"]
[WhiteElo "2593"]
[BlackElo "2626"]
[TimeControl "180+2"]
[EndTime "14:14:19 PST"]
[Termination "Noukii won by resignation"]

1. Nf3 Nf6 2. g3 g6 3. Bg2 Bg7 4. O-O O-O 5. d4 d6 6. b3 Nc6 7.
Bb2 Bf5 8. c4 a6 9. Nc3 Ne4 10.
Rc1 Nxc3 11. Bxc3 e5 12. d5 Ne7 13. Nh4 Bd7 14. e4 f5 15. f4 exf4 16. Bxg7 Kxg7 17. Qd4+ Kg8 18. exf5 fxg3 19. fxg6 gxh2+ 20. Kh1 Nxg6 21. Rxf8+ Qxf8 22. Rf1 Qg7 23. Nf3 Rf8 24. Kxh2 Rf4 25. Qxg7+ Kxg7 26. Re1 Kf6 27. Kg3 Rg4+ 28. Kf2 Nf4 29. Bf1 Rg7 30. Re4 Ng6 31. Re3 h5 32.
Rc3 Bg4 33. Nd4 Ke5 34. Ke3 Ne7 35. Rc1 Rf7 36. Bd3 Rf4 37. Ne6 Bxe6 38. dxe6 Rh4 39. Rg1 Kxe6 40. Rg7 Rh3+ 41. Kd2 Rh2+ 42. Kc3 Rxa2 43.
Rh7 Rh2 44. b4 b6 45. c5 bxc5 46. bxc5 a5 47. cxd6 cxd6 48. Rh6+ Ke5 49. Bb1 Nd5+ 50. Kc4 a4 51. Rh8 Ne3+ 52. Kd3 Ng4 53. Ra8 Nf2+ 54. Ke3 Nd1+ 55. Kf3 Nc3 56. Bg6 h4 57. Ra5+ d5 58. Be8 Kd4 59. Ra6 Ra2 60. Kg4 a3 61. Kxh4 Ra1 62.
Bd7 a2 63. Bh3 Rh1 64. Kg3 a1=Q 65. Rxa1 Rxa1 66. Bg2 Ke3 67. Kg4 d4 68. Kh3 d3 0-1

[Event "***Titled Tuesday 3|2 Blitz"]
[Site "Chess.com"]
[Date "2017.02.07"]
[Round "5"]
[White "Grootneus"]
[Black "Shivagami"]
[Result "0-1"]
[WhiteElo "2108"]
[BlackElo "1981"]
[TimeControl "180+2"]
[EndTime "14:14:27 PST"]
[Termination "Shivagami won by resignation"]

1. e4 Nc6 2. Nf3 d6 3. d4 Nf6 4. Nc3 Bg4 5. Be3 e5 6. dxe5 dxe5 7. Bb5 Bb4 8. Qxd8+ Kxd8 9. O-O-O+ Ke7 10. a3 Bxc3 11. bxc3 Nxe4 12. Rde1 Bxf3 13. gxf3 Nxc3 14. Bc5+ Kf6 15.
Bc4 Rad8 16. Re3 Na4 17. Bb4 Nxb4 18. axb4 Nb6 19. Bb3 Rhe8 20. Rhe1 g6 21. f4 Nd7 22. Ba4 c6 23. b5 Nc5 24. fxe5+ Kg7 25. Bb3 cxb5 26. Kb2 a5 27. Ba2 Rd4 28. Rf3 Re7 29. Kc1 Red7 30. Rc3 Na4 31. Rc8 b4 32. e6 fxe6 33.
Bxe6 Rd8 34. Rc7+ Kh6 35. Rxb7 Nc3 36. Kb2 Nd1+ 37. Kb3 Nxf2 38. Rf1 Rd2 39. Rf7 R8d6 40. Bc4 Ng4 41. R1f4 Kg5 42. Re4 Nf6 43. Ka4 Nxe4 44. Kxa5 Rxc2 45. Bb3 Rb2 46. Kxb4 Nd2 47. h4+ Kxh4 48.
Kc3 Rxb3+ 49. Kc2 Rf3 50. Rxh7+ Kg3 51. Rg7 Kf4 52. Kb2 Ne4 53. Rg8 g5 54. Kc2 Kg3 55.
Re8 g4 56. Rxe4 Rf4 57. Re8 Kf2 58. Rg8 g3 59. Rf8 Rxf8 0-1

[Event "***Titled Tuesday 3|2 Blitz"]
[Site "Chess.com"]
[Date "2017.02.07"]
[Round "5"]
[White "ftorodent"]
[Black "GeorgMeier"]
[Result "1/2-1/2"]
[WhiteElo "2519"]
[BlackElo "2674"]
[TimeControl "180+2"]
[EndTime "14:14:31 PST"]
[Termination "Game drawn - insufficient material"]

1. d4 e6 2. c4 Nf6 3. Nf3 d5 4.
Nc3 Be7 5. Bf4 O-O 6. e3 c5 7. dxc5 Bxc5 8. Qc2 Nc6 9. a3 Qa5 10. Rd1 Be7 11. Be2 dxc4 12. Bxc4 Nh5 13. O-O Nxf4 14. exf4 Rd8 15. Rxd8+ Qxd8 16. Rd1 Qc7 17. Qe4 Bd7 18. Nb5 Qc8 19. Nd6 Bxd6 20. Rxd6 h6 21. h3 Qc7 22. Qd3 Be8 23. Bb5 Rc8 24. Kh2 a6 25. Bxc6 Bxc6 26. Ne5 Be8 27. Qd4 a5 28. b4 axb4 29. axb4 b5 30. Nd3 Qc4 31. Nc5 Qxd4 32. Rxd4 Ra8 33. Rd6 Kf8 34. Kg3 Ra2 35. h4 Rb2 36. Nd3 Rb3 37.
f3 Ke7 38. Rd4 Bc6 39. Ne5 Be8 40. Nd3 Rb1 41. Kf2 Bc6 42. Ne5 Be8 43. g4 f6 44.
Nd3 Bc6 45. Ke3 h5 46. gxh5 Rh1 47. f5 e5 48. Rg4 Kf7 49. Nf2 Re1+ 50. Kd2 Ra1 51. Ne4 Ra2+ 52. Ke1 Bd5 53. Nd6+ Kf8 54. Nxb5 Bxf3 55. Rg3 e4 56. Nd4 Bxh5 57. Re3 Ke7 58. Rxe4+ Kd6 59. Ne6 Kd5 60. Re3 Bg4 61. Nxg7 Rh2 62.
h5 Bxh5 63. Nxh5 Rxh5 64. Rf3 Ke4 65. Rf2 Rxf5 66. Rxf5 Kxf5 67. Kf2 Ke5 68. Kf3 Kd5 69. Kf4 Kc4 70. Kf5 Kxb4 71. Kxf6 1/2-1/2

[Event "***Titled Tuesday 3|2 Blitz"]
[Site "Chess.com"]
[Date "2017.02.07"]
[Round "5"]
[White "Gergo85"]
[Black "Evgeny81"]
[Result "1-0"]
[WhiteElo "2427"]
[BlackElo "2392"]
[TimeControl "180+2"]
[EndTime "14:14:48 PST"]
[Termination "Gergo85 won by resignation"]

1. e4 c6 2. Nc3 d5 3. d4 dxe4 4.
Nxe4 Bf5 5. Qf3 e6 6. Ne2 Nd7 7. N2g3 Bg6 8. h4 Ngf6 9. h5 Bxe4 10. Nxe4 Nxe4 11. Qxe4 Nf6 12. Qd3 Qa5+ 13. Bd2 Bb4 14. c3 Be7 15. Be2 O-O-O 16. b4 Qf5 17. Qxf5 exf5 18.
Bg5 Rhe8 19. Bxf6 Bxf6 20. Kd2 Bxd4 21. cxd4 Rxd4+ 22. Bd3 Red8 23. Rh3 Rxb4 24. Kc3 Rf4 25. Rf3 Rxf3 26. gxf3 g6 27. Bc4 Rd7 28. a4 Kd8 29.
Re1 Re7 30. Rd1+ Kc7 31. Rd2 a5 32. Rd1 f6 33. hxg6 hxg6 34. Rh1 Kd6 35. Rh6 Rg7 36.
Rh8 Kc5 37. Re8 g5 38. Bd3 f4 39. Re6 Rf7 40. Bg6 Rf8 41. Re7 b5 42. axb5 cxb5 43. Rc7+ Kb6 44. Re7 Rc8+ 45. Kb2 Rc6 46. Be8 Rd6 47.
Bg6 a4 48. Be4 Ka5 49. Kc3 b4+ 50. Kc4 b3 51. Ra7+ Ra6 52. Rxa6+ Kxa6 53. Kb4 b2 54. Kxa4 Kb6 55. Kb3 Kc5 56. Kxb2 Kd4 57. Kc2 g4 58. Kd2 Ke5 59. Bb7 f5 60. Ke2 g3 61. fxg3 fxg3 62. Kf1 f4 63. Kg2 Kd4 64. Be4 Ke3 65. Bf5 Ke2 66.
Be6 Ke3 67. Bc4 Kd4 68. Bf1 Ke3 69. Bb5 Kd4 70. Bd7 Ke3 71. Bh3 Ke2 72. Bg4 Ke3 73.
Kf1 Kd2 74. Bh3 Ke3 75. Bg2 Kd2 76. Bh1 Kd1 77. Kg2 Ke2 78. Kh3 Kf2 79. Kg4 Ke3 80.
Kf5 1-0